 Dungeon Crawl Stone Soup version 0.29.0-15-g675c0067aa (webtiles) character file.

Game seed: 4715650031594600840

1266 qw the Blocker (level 8, -1/66 HPs)
             Began as a Minotaur Berserker on Sept 11, 2022.
             Was a Priest of Trog.
             Slain by a gnoll sergeant
             ... wielding a +2 vampiric trident
              (9 damage)
             ... on level 6 of the Dungeon.
             The game lasted 00:01:48 (5866 turns).

qw the Blocker (Minotaur Berserker)                 Turns: 5866, Time: 00:01:48

Health: -1/66      AC: 16    Str: 24    XL:     8   Next: 27%
Magic:  7/7        EV:  5    Int:  4    God:    Trog [***...]
Gold:   229        SH: 14    Dex: 10    Spells: 7/7 levels left

rFire   . . .      SeeInvis +   Y - +1 hand axe
rCold   + + .      Faith    .   g - +0 tower shield
rNeg    . . .      Spirit   .   e - +0 chain mail
rPois   .          Reflect  .   (helmet restricted)
rElec   +          Harm     .   l - +2 cloak
rCorr   .          Rampage  +   b - +0 pair of gloves
Will    .....                   c - +2 pair of boots "Ridal" {Rampage rElec rC+}
Stlth   ..........              (no amulet)
HPRegen 0.21/turn               f - ring of see invisible
MPRegen 0.10/turn               a - ring of protection from cold

@: on berserk cooldown, slowed, very slow
A: horns 2, retaliatory headbutt, subdued magic 1
a: Renounce Religion, Berserk, Trog's Hand


You were on level 6 of the Dungeon.
You worshipped Trog.
Trog was most pleased with you.
You visited 1 branch of the dungeon, and saw 6 of its levels.

You collected 229 gold pieces.


Innate Abilities, Weirdness & Mutations

You have a pair of horns on your head.
You reflexively headbutt those who attack you in melee.
Your spells are a little easier to cast, but a little less powerful.


   Skills:
 - Level 4.1 Fighting
 - Level 8.1 Axes
 - Level 3.2 Armour
 - Level 2.1 Dodging
 + Level 9.0 Shields


You had 7 spell levels left.
You didn't know any spells.
Your spell library was empty.

Inventory:

Hand Weapons
 h - a +0 flail
 Y - a +1 hand axe (weapon)
Armour
 b - a +0 pair of gloves (worn)
 c - the +2 pair of boots "Ridal" (worn) {Rampage rElec rC+}
   (You acquired it on level 4 of the Dungeon)

   rC:        It protects you from cold.
   rElec:     It insulates you from electricity.
   Rampage:   It bestows one free step when moving towards enemies.
 e - a +0 chain mail (worn)
 g - a +0 tower shield (worn)
 l - a +2 cloak (worn)
Jewellery
 a - a ring of protection from cold (right hand)
 f - a ring of see invisible (left hand)
Scrolls
 i - a scroll of identify
Potions
 d - 2 potions of mutation
 j - 2 potions of curing
 k - 2 potions of cancellation
 m - 4 potions of haste

Dungeon Overview and Level Annotations

Branches:
Dungeon (6/15)             Temple (0/1) D:4

Altars:
Gozag
Hepliaklqana
Ru
Wu Jian
Zin

Shops:
D:6 (

Annotations:
D:2 1 runed translucent door, Crazy Yiuf


Message History

Trog appreciates your killing of a magic user.
You are no longer berserk.
You are exhausted.
You feel yourself slow down.
The gnoll sergeant hits you from afar with a +2 vampiric trident.
The gnoll hits you but does no damage.
Your Axes skill increases to level 8!
You rampage towards the gnoll sergeant!
You hit the gnoll sergeant.
The gnoll sergeant is lightly wounded.
You hit the gnoll.
The gnoll sergeant hits you with a +2 vampiric trident.
You block the gnoll's attack. x2
The gnoll sergeant hits you with a +2 vampiric trident.
You barely miss the gnoll sergeant.
You headbutt the gnoll sergeant, but do no damage.
The gnoll sergeant is lightly wounded.
You closely miss the gnoll. The gnoll hits you but does no damage.
You block the gnoll sergeant's attack. The gnoll barely misses you.
The gnoll sergeant barely misses you.
You hit the gnoll sergeant.
The gnoll sergeant is lightly wounded.
You barely miss the gnoll. You block the gnoll's attack.
You block the gnoll sergeant's attack.
The gnoll sergeant hits you but does no damage.
You block the gnoll's attack.
You barely miss the gnoll sergeant.
The gnoll sergeant is lightly wounded.
You slash the gnoll! You block the gnoll's attack.
You block the gnoll sergeant's attack.
You hit the gnoll.
You kill the gnoll!
Trog accepts your kill.
You hit the gnoll sergeant.
The gnoll sergeant hits you with a +2 vampiric trident!
The gnoll sergeant draws strength from your wounds!
You block the gnoll sergeant's attack.
You barely miss the gnoll sergeant.
The gnoll sergeant is lightly wounded.
The gnoll sergeant hits you with a +2 vampiric trident!
You die...

..########.#.~.~¤~¤~.~..
#...........%~.~.....~..
#............~.¤._.~.~.#
#...........(~.~..¤~.~.#
#............~.~~~~¤.~..
#............~....¤..~.#
#............~~~~.~~~~.#
#....[.)...............#
#.....)@))...##..#######
#.....)g.....# ....
#............# ....
###............ ..
#............#
+.......#.#..#
#........\...#
+.......#.#.


You could see a gnoll sergeant.

Vanquished Creatures
  Sigmund (D:6)
  An ice beast (D:5)
  3 ogres
  A phantom (D:5)
  A bullfrog (D:6)
  A scorpion (D:6)
  A jelly (D:5)
  A hound (D:4)
  3 orc priests (D:4)
  2 iguanas
  2 orc wizards (D:5)
  Terence (D:2)
  9 gnolls
  11 adders
  A shadow imp (D:6)
  3 worms
  3 dart slugs (D:2)
  11 orcs
  7 bats
  4 endoplasms
  3 giant cockroaches
  7 goblins
  3 hobgoblins
  8 kobolds
  5 quokkas
  8 ball pythons
  4 frilled lizards
  2 rats
107 creatures vanquished.

Notes
Turn   | Place    | Note
-------+----------+-------------------------------------------
     0 | D:1      | qw the Minotaur Berserker began the quest for the Orb.
     0 | D:1      | Reached XP level 1. HP: 19/19 MP: 0/0
     0 | D:1      | 0 ||| qw: Version: 0.1-a-119-g272c26d
     0 | D:1      | 0 ||| qw: Game counter: 10737
     0 | D:1      | 0 ||| qw: Always use a shield: true
     0 | D:1      | 0 ||| qw: Do Orc after D:15 true
     0 | D:1      | 0 ||| qw: Do second Lair branch before Depths: true
     0 | D:1      | 0 ||| qw: Lair rune preference: random
     0 | D:1      | 0 ||| qw: Plans: Normal
     0 | D:1      | 0 ||| PLANNING D:1-11
   239 | D:1      | Reached XP level 2. HP: 26/26 MP: 1/1
   548 | D:1      | Found a faded altar of an unknown god.
   828 | D:1      | 828 ||| UPGRADING to +0 ring mail.
   838 | D:1      | 838 ||| DROPPING +0 animal skin.
   839 | D:1      | 839 ||| UPGRADING to ring of see invisible.
   840 | D:1      | 840 ||| READING 2 scrolls labelled MACRYCHATTU.
   841 | D:1      | 841 ||| READING scroll labelled HUBRAE WA LOG.
   842 | D:1      | 842 ||| READING 2 scrolls labelled VASUBRO SOSE.
   843 | D:1      | 843 ||| READING scroll labelled LEEHATZ NOTZU.
   848 | D:1      | 848 ||| DRINKING 2 smoky emerald potions.
   849 | D:1      | 849 ||| DROPPING scroll of magic mapping.
   850 | D:1      | 850 ||| DROPPING scroll of noise.
   875 | D:2      | Found the macabre finger necklace {rN+}
   879 | D:2      | 879 ||| STAIRDANCE
   973 | D:2      | Reached XP level 3. HP: 27/31 MP: 2/2
  1079 | D:2      | 1079 ||| Stepping ~*~*~tactically~*~*~ (stealth).
  1080 | D:2      | 1080 ||| Stepping ~*~*~tactically~*~*~ (stealth).
  1105 | D:2      | 1105 ||| Stepping ~*~*~tactically~*~*~ (stealth).
  1108 | D:2      | 1108 ||| Stepping ~*~*~tactically~*~*~ (hiding).
  1201 | D:2      | Noticed Terence
  1207 | D:2      | 1207 ||| INVOKING Berserk.
  1214 | D:2      | Killed Terence
  1215 | D:2      | Reached skill level 6 in Axes
  1215 | D:2      | Reached XP level 4. HP: 39/39 MP: 3/3
  1287 | D:2      | 1287 ||| DROPPING +0 club.
  1323 | D:2      | 1323 ||| Stepping ~*~*~tactically~*~*~ (stealth).
  1545 | D:2      | Found a runed translucent door.
  1546 | D:2      | Noticed Crazy Yiuf
  2074 | D:2      | 2074 ||| UPGRADING to +0 chain mail.
  2084 | D:2      | 2084 ||| DROPPING +0 ring mail.
  2085 | D:2      | 2085 ||| UPGRADING to ring of protection from cold.
  2086 | D:2      | 2086 ||| READING scroll labelled LOIKHL NINEEW.
  2087 | D:2      | 2087 ||| READING scroll labelled ICZUEN WOUL.
  2088 | D:2      | 2088 ||| DRINKING 2 fizzy emerald potions.
  2089 | D:2      | 2089 ||| DRINKING 2 smoky pink potions.
  2156 | D:3      | 2156 ||| Stepping ~*~*~tactically~*~*~ (stealth).
  2157 | D:3      | 2157 ||| Stepping ~*~*~tactically~*~*~ (stealth).
  2202 | D:3      | 2202 ||| DROPPING +0 mace.
  2229 | D:3      | Reached ** piety under Trog
  2554 | D:3      | 2554 ||| Stepping ~*~*~tactically~*~*~ (stealth).
  2614 | D:3      | Reached XP level 5. HP: 43/45 MP: 4/4
  2827 | D:3      | Found an ornate altar of the Wu Jian Council.
  2982 | D:3      | 2982 ||| UPGRADING to +0 tower shield.
  2987 | D:3      | 2987 ||| UPGRADING to +2 cloak.
  2992 | D:3      | 2992 ||| DROPPING ring of magical power.
  2993 | D:3      | 2993 ||| READING scroll labelled WUTOCK PEUNT.
  2994 | D:3      | 2994 ||| DRINKING 2 glowing white potions.
  2994 | D:3      | Gained mutation: Your spells are a little easier to cast,
                  | but a little less powerful. [potion of mutation]
  2994 | D:3      | Gained mutation: You are clumsy. (Dex -2) [potion of
                  | mutation]
  2994 | D:3      | Lost mutation: You are clumsy. (Dex -2) [potion of
                  | mutation]
  3074 | D:4      | Found a hazy altar of Hepliaklqana.
  3090 | D:4      | 3090 ||| Stepping ~*~*~tactically~*~*~ (hiding).
  3094 | D:4      | 3094 ||| INVOKING Berserk.
  3100 | D:4      | Reached skill level 1 in Shields
  3103 | D:4      | Reached skill level 2 in Shields
  3104 | D:4      | Reached skill level 3 in Shields
  3112 | D:4      | Reached XP level 6. HP: 15/52 MP: 5/5
  3325 | D:4      | 3325 ||| DROPPING +4 mace.
  3326 | D:4      | 3326 ||| DROPPING +0 vorpal hand axe.
  3366 | D:4      | 3366 ||| INVOKING Berserk.
  3369 | D:4      | Reached skill level 4 in Shields
  3524 | D:4      | Found an opulent altar of Gozag.
  3623 | D:4      | Reached skill level 5 in Shields
  4240 | D:4      | Found a staircase to the Ecumenical Temple.
  4250 | D:4      | 4250 ||| READING scroll labelled QOGRENK OSOMIE.
  4250 | D:4      | Identified a scroll of acquirement
  4250 | D:4      | 4250 ||| ACQUIRING +2 pair of boots "Ridal" {Rampage rElec
                  | rC+}
  4250 | D:4      | Acquired the +2 pair of boots "Ridal" {Rampage rElec rC+}
  4252 | D:4      | 4252 ||| UPGRADING to +2 pair of boots "Ridal" {Rampage
                  | rElec rC+}.
  4257 | D:4      | 4257 ||| READING scroll labelled QISHREF LEPREYH.
  4258 | D:4      | 4258 ||| READING scroll labelled GUOMUW MARAKY.
  4259 | D:4      | 4259 ||| DRINKING 2 dark potions.
  4283 | D:5      | Entered Level 5 of the Dungeon
  4297 | D:5      | 4297 ||| INVOKING Berserk.
  4448 | D:5      | 4448 ||| INVOKING Berserk.
  4451 | D:5      | Reached skill level 6 in Shields
  4569 | D:5      | Reached XP level 7. HP: 58/58 MP: 6/6
  4570 | D:5      | 4570 ||| Stepping ~*~*~tactically~*~*~ (hiding).
  4575 | D:5      | 4575 ||| INVOKING Berserk.
  4582 | D:5      | 4582 ||| DRINKING 2 potions of curing.
  4582 | D:5      | 4582 ||| (to cure confusion)
  4587 | D:5      | HP: 4/58 [ogre/+0 giant spiked club (20)]
  4588 | D:5      | 4588 ||| DRINKING potion of heal wounds.
  4590 | D:5      | Reached skill level 7 in Shields
  4835 | D:5      | 4835 ||| Stepping ~*~*~tactically~*~*~ (stealth).
  5190 | D:5      | Reached skill level 8 in Shields
  5461 | D:5      | Found a glowing silver altar of Zin.
  5529 | D:5      | 5529 ||| UPGRADING to +0 pair of gloves.
  5693 | D:6      | Reached skill level 9 in Shields
  5704 | D:6      | Identified the +9 long sword "Fotzemomest" {spect, rPois
                  | rF- Dex+4}
  5709 | D:6      | Found a sacrificial altar of Ru.
  5736 | D:6      | Reached skill level 3 in Armour
  5736 | D:6      | Reached XP level 8. HP: 57/66 MP: 7/7
  5843 | D:6      | Found Cikkabot's Antique Weapon Shop.
  5843 | D:6      | Noticed Sigmund
  5846 | D:6      | Reached *** piety under Trog
  5850 | D:6      | 5850 ||| INVOKING Berserk.
  5860 | D:6      | Killed Sigmund
  5861 | D:6      | HP: 13/66 [gnoll sergeant/+2 vampiric trident (6)]
  5866 | D:6      | Slain by a gnoll sergeant

Levels and vault maps discovered:
D:1:      amcnicky_arrival_abandoned_market, layout_basic,
          chequers_ecumenical_altar_island, chequers_hall_statues_corner_a
D:2:      layout_basic, minmay_misc_feat_secret_circle, columned_hall_lemuel,
          uniq_crazy_yiuf_cottage, uniq_terence
D:3:      layout_loops_ring, nicolae_wu_jian_immortal_techniques
D:4:      layout_cave_pods, mainiacjoe_overflow_cross_hatched,
          grunt_gozag_breadcrumbs, temple_hall
D:5:      layout_loops_ring, zin_scriptorium
D:6:      layout_basic, mainiacjoe_overflow_concentric_impassable, serial_shops,
          nicolae_shop_crystal, uniq_sigmund

Skill      XL: |  1  2  3  4  5  6  7  8 |
---------------+-------------------------+-----
Axes           | 4 5 6 7 8 |  8.1
Shields        | 3 6 9 |  9.0
Armour         | 3 |  3.2
Fighting       | 4 |  4.1
Dodging        | |  2.1

Action                   |  1- 3 |  4- 6 |  7- 9 || total
-------------------------+-------+-------+-------++-------
Melee: Hand axe          |    53 |   128 |   112 ||   293
       Headbutt          |     5 |    18 |    21 ||    44
       Punch             |     1 |       |       ||     1
Invok: Berserk           |     1 |     4 |     2 ||     7
  Use: Scroll            |     4 |     6 |       ||    10
       Potion            |     1 |     4 |     2 ||     7
Armor: Ring mail         |     6 |     2 |       ||     8
       Animal skin       |     2 |       |       ||     2
       Chain mail        |       |    36 |    41 ||    77
Dodge: Dodged            |    34 |    40 |    20 ||    94
Block: Tower shield      |       |    39 |    98 ||   137

Table legend:
 A = Non-vault XP
 B = Vault XP
 C = Vault XP percentage of total XP
 D = Non-vault monster count
 E = Vault monster count
 F = Vault count percentage of total count
                 A         B        C        D         E       F
            +---------+---------+-------+---------+---------+-------
      Total |    1551 |     258 |  14.3 |     105 |       2 |   1.9
            +---------+---------+-------+---------+---------+-------
        D:1 |      23 |       0 |   0.0 |      14 |       0 |   0.0
        D:2 |      84 |      32 |  27.6 |      23 |       1 |   4.2
        D:3 |      82 |       0 |   0.0 |      22 |       0 |   0.0
        D:4 |     346 |       0 |   0.0 |      19 |       0 |   0.0
        D:5 |     695 |       0 |   0.0 |      15 |       0 |   0.0
        D:6 |     321 |     226 |  41.3 |      12 |       1 |   7.7
            +---------+---------+-------+---------+---------+-------
